Map: Oxide LE

Players

DnS

  • Race: Protoss Protoss

MarineLorD - Winner!

  • Race: Terran Terran
  • League: Master

Event: DreamHack SC2 Masters 2021 Fall

VOD

Have the link to the VOD?

Description

Time

  • Played on: July 29, 2021, 12:04 p.m.
  • Length: 8:30

All games in this series

Show
View Real Time Build Order
Export as new Build Order

DnS Protoss 

Build Orders: Oracle Opening 

Get SALT Encoding   

  12  0:00  Probe  
  13  0:12  Probe  
  14  0:17  Pylon  
  14  0:24  Probe (Chrono Boost)  
  15  0:36  Gateway, Probe (Chrono Boost)  
  16  0:44  Probe (Chrono Boost)  
  16  0:46  Assimilator  
  17  0:51  Probe  
  18  1:03  Probe  
  19  1:15  Probe  
  20  1:24  Cybernetics Core  
  20  1:27  Probe  
  20  1:29  Pylon  
  21  1:40  Probe  
  22  1:55  Nexus  
  22  1:58  Adept (Chrono Boost)  
  24  2:05  Probe  
  25  2:10  Assimilator  
  25  2:17  Probe  
  26  2:24  Stargate  
  26  2:29  Probe  
  27  2:32  Adept  
  29  2:39  Pylon  
  29  2:44  Warp Gate  
  29  2:46  Probe  
  30  2:58  Probe (Chrono Boost)  
  31  3:02  Adept  
  33  3:09  Probe (Chrono Boost)  
  35  3:13  Oracle (Chrono Boost), Probe x2 (Chrono Boost)  
  39  3:23  Probe  
  39  3:24  Gateway, Probe  
  41  3:31  Pylon  
  41  3:35  Probe  
  41  3:36  Probe  
  43  3:47  Probe  
  46  3:48  Probe  
  47  3:59  Probe  
  47  4:00  Probe  
  49  4:04  Oracle (Chrono Boost)  
  49  4:09  Nexus  
  50  4:11  Probe  
  50  4:12  Gateway  
  50  4:13  Probe  
  52  4:20  Pylon  
  52  4:22  Assimilator  
  52  4:24  Probe  
  53  4:25  Probe  
  54  4:32  Adept, Sentry  
  54  4:35  Oracle (Chrono Boost)  
  54  4:36  Shield Battery, Probe  
  54  4:37  Probe  
  60  4:41  Shield Battery  
  63  4:48  Probe  
  63  4:49  Probe  
  63  4:50  Assimilator  
  65  4:53  Adept  
  65  4:55  Adept  
  65  4:58  Pylon  
  69  5:01  Shield Battery, Probe  
  70  5:16  Adept, Probe x2  
  70  5:17  Adept  
  76  5:26  Probe  
  76  5:27  Twilight Council  
  76  5:28  Forge, Probe x2  
  79  5:36  Sentry  
  79  5:37  Sentry  
  79  5:38  Probe (Chrono Boost)  
  79  5:41  Probe x2 (Chrono Boost)  
  84  5:44  Stalker  
  84  5:49  Probe (Chrono Boost)  
  85  5:50  Probe x2 (Chrono Boost)  
  79  6:00  Oracle  
  79  6:01  Stalker x2  
  79  6:03  Probe x2  
  79  6:04  Probe  
  78  6:15  Probe x2  
  78  6:17  Probe  
  76  6:21  Stalker  
  65  6:27  Blink (Chrono Boost), Probe  
  65  6:28  Probe  
  65  6:31  Probe  
  64  6:39  Probe  
  65  6:40  Probe  
  65  6:43  Probe  
  67  6:47  Gateway x2  
  67  6:49  Gateway  
  67  6:51  Sentry  
  67  6:52  Probe x2  
  71  6:55  Probe  
  71  6:59  Pylon  
  71  7:00  Gateway  
  72  7:04  Stalker, Probe x2  
  72  7:07  Stalker  
  78  7:12  Probe  
  79  7:16  Probe  
  79  7:18  Probe  
  81  7:24  Probe  
  81  7:28  Stalker x2, Probe  
  87  7:30  Probe  
  87  7:32  Stalker  
  87  7:34  Shield Battery  
  87  7:36  Probe  
  91  7:40  Robotics Facility, Probe  
  92  7:45  Stalker  
  92  7:46  Stalker x2  
  98  7:52  Probe x3  
  98  7:54  Assimilator  
  98  7:58  Pylon  
  101  7:59  Pylon  
  91  8:07  Cybernetics Core  
  91  8:11  Zealot x3  
  91  8:12  Zealot x3  
Show
View Real Time Build Order
Export as new Build Order

MarineLorD Terran - Winner!

Build Orders:  

Get SALT Encoding   

  12  0:00  SCV  
  13  0:12  SCV  
  14  0:17  Supply Depot  
  14  0:24  SCV  
  15  0:38  SCV  
  15  0:40  Barracks  
  16  0:44  Refinery  
  16  0:50  SCV  
  17  1:02  Engineering Bay  
  17  1:03  SCV  
  18  1:15  SCV  
  19  1:27  Marine, Orbital Command  
  20  1:45  Barracks Reactor  
  20  1:52  Command Center  
  20  1:57  SCV  
  21  2:04  Supply Depot  
  21  2:09  SCV  
  21  2:12  Barracks  
  22  2:21  SCV  
  23  2:23  Barracks  
  23  2:26  Marine  
  23  2:27  Marine  
  25  2:33  SCV  
  26  2:44  Marine  
  26  2:45  Marine, SCV  
  29  2:57  SCV  
  30  3:01  Barracks Tech Lab  
  30  3:02  Marine  
  30  3:03  Marine  
  30  3:04  Orbital Command  
  32  3:10  SCV  
  32  3:11  Barracks Tech Lab  
  33  3:19  Marine, Stimpack  
  34  3:20  Marine  
  34  3:21  Marine  
  34  3:24  SCV  
  37  3:29  SCV  
  37  3:32  Marine, Combat Shield  
  39  3:36  Supply Depot  
  39  3:37  Marine  
  39  3:38  SCV  
  41  3:41  SCV  
  41  3:43  Refinery, Supply Depot  
  41  3:45  Marine x2  
  44  3:50  SCV  
  44  3:54  SCV  
  46  3:57  Marine x2  
  46  3:58  Supply Depot  
  49  4:02  SCV  
  49  4:04  Marine x2  
  49  4:06  SCV  
  52  4:14  SCV  
  52  4:16  Marine, Engineering Bay  
  54  4:18  SCV  
  54  4:19  Marine, Factory  
  56  4:24  Supply Depot  
  56  4:27  SCV  
  56  4:29  Marine x2  
  56  4:30  SCV  
  60  4:36  Refinery  
  60  4:38  Supply Depot  
  60  4:42  Marine  
  60  4:43  Marine, Terran Infantry Weapons Level 1  
  60  4:44  SCV x2  
  64  4:47  Missile Turret  
  64  4:49  Missile Turret  
  64  4:55  Supply Depot  
  64  4:56  Marine, SCV  
  66  5:00  SCV  
  66  5:02  Marine x2  
  66  5:03  Marine  
  70  5:08  SCV  
  70  5:12  SCV  
  70  5:13  Starport  
  72  5:15  Refinery  
  72  5:20  Marine  
  72  5:21  Marine, Marauder  
  76  5:22  Marauder  
  76  5:25  Factory Reactor  
  78  5:30  Supply Depot  
  78  5:32  Supply Depot  
  78  5:41  Barracks x2  
  78  5:49  Marine, Marauder  
  73  6:01  Marine, Marauder  
  73  6:02  SCV x2  
  77  6:06  Marine  
  77  6:10  Marine  
  77  6:17  Factory Reactor  
  74  6:19  Marine  
  74  6:23  Medivac x2, Marauder  
  74  6:24  Marine  
  74  6:30  Marauder  
  74  6:31  Barracks Reactor, Barracks Tech Lab  
  70  6:36  Marine  
  70  6:37  Command Center  
  71  6:42  Marine  
  71  6:44  Marauder  
  71  6:46  SCV x2  
  76  6:51  Marauder  
  76  6:53  Marauder  
  76  6:54  Marine, Concussive Shells, Widow Mine  
  80  6:55  Widow Mine  
  80  6:57  Medivac  
  80  6:59  Medivac  
  80  7:00  Marine, SCV x2  
  92  7:05  Marauder  
  94  7:08  Marine  
  94  7:09  Marine  
  94  7:23  Marine, Widow Mine x2  
  94  7:24  Marine, Marauder x2  
  94  7:28  Medivac  
  94  7:29  Medivac  
  108  7:34  Marauder  
  110  7:38  Supply Depot  
  110  7:40  Supply Depot  
  110  7:42  Marine x3  
  110  7:43  SCV  
  114  7:44  Armory, Engineering Bay  
  114  7:45  SCV, Marauder  
  117  7:55  Marine, Marauder  
  117  7:56  Marauder  
  117  7:57  SCV  
  123  7:59  Marine  

Tags
 
Add a new tag
Caveats
  • Supply blocks, unpowered buildings, or Contaminate may cause inaccurate times.
  • Supply counts are checked every 10 seconds.